 Dungeon Crawl Stone Soup version 0.22-a0-32-ga749362 (webtiles) character file.

20 FRamirez the Skirmisher (level 2, -1/24 HPs)
             Began as a Demonspawn Abyssal Knight on Jan 4, 2018.
             Was a Follower of Lugonu.
             Slain by a gnoll
             ... wielding a +0 halberd
              (17 damage)
             ... on level 2 of the Dungeon.
             The game lasted 00:06:08 (978 turns).

FRamirez the Skirmisher (Demonspawn Abyssal Knight)  Turns: 978, Time: 00:06:08

Health: -1/24      AC:  4    Str: 12    XL:     2   Next: 58%
Magic:  3/3        EV: 11    Int: 13    God:    Lugonu [*.....]
Gold:   95         SH:  0    Dex: 12    Spells: 1/1 levels left

rFire    . . .     SeeInvis +   a - +1 falchion
rCold    . . .     Gourm    .   (no shield)
rNeg     . . .     Faith    .   b - +0 leather armour
rPois    .         Spirit   .   (no helmet)
rElec    .         Reflect  .   (no cloak)
rCorr    .         Harm     .   d - +0 pair of gloves
MR       .....                  (no boots)
Stlth    ++........             (no amulet)
HPRegen  0.08/turn              f - ring of stealth
MPRegen  0.08/turn              g - ring of see invisible

@: no status effects
A: rot immunity
a: Depart the Abyss, Renounce Religion


You were on level 2 of the Dungeon.
You worshipped Lugonu.
Lugonu was aware of your devotion.
You were not hungry.

You visited 1 branch of the dungeon, and saw 2 of its levels.
You visited the Abyss 1 time.

You collected 95 gold pieces.

Inventory:

Hand Weapons
 a - a +1 falchion (weapon)
Armour
 b - a +0 leather armour (worn)
 d - a +0 pair of gloves (worn)
Jewellery
 f - a ring of stealth (left hand)
 g - a ring of see invisible (right hand)
Scrolls
 e - 2 scrolls of fear {unknown}
Potions
 h - a potion of curing {unknown}
 i - a potion of brilliance {unknown}
Comestibles
 c - 4 rations


   Skills:
 + Level 3.4 Fighting
 + Level 2.1 Long Blades
 + Level 2.0 Armour
 + Level 1.1 Dodging
 + Level 2.4 Invocations


You had one spell level left.
You didn't know any spells.

Dungeon Overview and Level Annotations

Branches:
Dungeon (2/15)

Altars:


Innate Abilities, Weirdness & Mutations

You are immune to rotting.


Message History

No target in view!
e - 2 scrolls labeled CIGOXK BIPIUWN (gained 1) HP restored.
Found a stone staircase leading down.
c - 4 rations (gained 1)
A gnoll comes into view. It is wielding a halberd.
A gnoll is nearby!
A gnoll is nearby!
A gnoll comes into view. It is wielding a club.
A gnoll comes into view. It is wielding a spear.
The gnoll shouts!
The gnoll hits you from afar with a halberd!
The gnoll shouts!
You hear a shout!
The gnoll barely misses you.
A gnoll comes into view.
You barely miss the gnoll. The gnoll barely misses you.
You riposte.
Your leather armour prevents you from hitting the gnoll.
The gnoll hits you from afar with a halberd!
Ouch! That really hurt!
You die...

#.#.#.# #.#.#.# #?
#.#.#.#.#
#.##.#.#.#.# # .#
#..#.#.#.#.#.# ..#
#.#.#.#.#.#.#...#
####...#.....?.gg..#
#............gg....#
#..........@......##
#.....>.........#...
#.........#####.# #
#.........# .#
#.........# #
#.........#
######.#.###
#.....######
#..........#


You could see 4 gnolls.

Vanquished Creatures
  A dart slug (D:1)
  2 bats (D:1)
  A giant cockroach (D:1)
  4 hobgoblins (D:1)
  4 jackals (D:1)
  A quokka (D:2)
  2 frilled lizards (D:1)
15 creatures vanquished.

Notes
Turn   | Place    | Note
-------+----------+-------------------------------------------
     0 | Abyss:1  | FRamirez the Demonspawn Abyssal Knight began the quest for the Orb.
     0 | Abyss:1  | Reached XP level 1. HP: 18/18 MP: 2/2
    24 | D:1      | Escaped the Abyss
   360 | D:1      | Gained mutation: You are immune to rotting. [demonic ancestry]
   360 | D:1      | Reached XP level 2. HP: 24/24 MP: 3/3
   583 | D:1      | Reached skill level 1 in Dodging
   978 | D:2      | Slain by a gnoll

Vault maps used:
D:1:      roderic_crop_circles_arrival_small
D:2:      minmay_misc_feat_hallway
Abyss:1:  hangedman_abyss_or_decor_passed

Skill      XL: |  1  2 |
---------------+-------+-----
Armour         | 2 |  2.0
Dodging        | 1 |  1.1
Long Blades    | 2 |  2.1
Fighting       | |  3.4
Invocations    | |  2.4

Action                   || total
-------------------------++-------
Melee: Falchion          ||    58
  Use: Scroll            ||     1
 Stab: Sleeping          ||     3
Armor: Leather armour    ||    16
Dodge: Dodged            ||    37
       Rpst.: Falchion   ||     6

Table legend:
 A = Spawn XP
 B = Non-spawn XP
 C = Spawn XP percentage of total XP
 D = Spawn monster count
 E = Non-spawn monster count
 F = Spawn count percentage of total count
 G = Total turns spent on level
                    A         B        C        D         E        F      G
               +---------+---------+-------+---------+---------+-------+---------
         Total |       0 |      29 |   0.0 |       0 |      15 |   0.0 |   978
               +---------+---------+-------+---------+---------+-------+---------
           D:1 |       0 |      27 |   0.0 |       0 |      14 |   0.0 |   889
           D:2 |       0 |       2 |   0.0 |       0 |       1 |   0.0 |    65
               +---------+---------+-------+---------+---------+-------+---------
